 Dungeon Crawl Stone Soup version 0.28-a0-620-g539b0f7ac7 (webtiles) character file.

Game seed: 6198298375095429268

428 mathmaestro the Ruffian (level 6, -3/62 HPs)
             Began as a Troll Monk on Oct 6, 2021.
             Slain by an ogre (31 damage)
             ... on level 4 of the Dungeon.
             The game lasted 00:04:30 (2370 turns).

mathmaestro the Ruffian (Troll Monk)                Turns: 2370, Time: 00:04:31

Health: -3/62      AC:  5    Str: 22    XL:     6   Next: 65%
Magic:  5/5        EV: 10    Int:  6    God:
Gold:   163        SH:  0    Dex: 12    Spells: 5/5 levels left

rFire   . . .      SeeInvis .     - Unarmed
rCold   . . .      Faith    .   (no shield)
rNeg    . . .      Spirit   .   a - +0 robe
rPois   +          Reflect  .   (helmet restricted)
rElec   .          Harm     .   q - +0 cloak
rCorr   .          Rampage  .   (gloves unavailable)
Will    .....                   (boots unavailable)
Stlth   ++........              (no amulet)
HPRegen 1.20/turn               s - ring of poison resistance
MPRegen 0.09/turn               (no ring)

@: no status effects
A: large, unfitting armour, claws 3, regeneration 1, shaggy fur 1, tough skin 1
a: no special abilities


You were on level 4 of the Dungeon.
You visited 1 branch of the dungeon, and saw 4 of its levels.
You also visited: Sewer.

You collected 163 gold pieces.

Inventory:

Hand Weapons
 b - a +3 spectral dagger
Missiles
 c - a silver boomerang (quivered)
Armour
 a - a +0 robe (worn)
 q - a +0 cloak (worn)
Jewellery
 h - a ring of fire
 s - a ring of poison resistance (left claw)
Scrolls
 i - 2 scrolls of identify
 r - a scroll of magic mapping
Potions
 d - 4 potions of mutation
 f - a potion of attraction {unknown}
 g - a potion of curing {unknown}
 k - a potion of might {unknown}
 l - a potion of brilliance {unknown}
 m - a potion of haste {unknown}
 n - 2 potions of resistance {unknown}
 o - 3 potions of cancellation {unknown}
 p - 2 potions of invisibility {unknown}


   Skills:
 + Level 3.7 Fighting
 + Level 2.5 Armour
 + Level 3.7 Dodging
 - Level 1.0 Stealth
 + Level 4.5 Unarmed Combat


You had 5 spell levels left.
You didn't know any spells.
Your spell library contained the following spells:

 Spells                   Type           Power      Damage    Failure   Level
 Gell's Gravitas          Tloc           0%         N/A       83%         3
 Teleport Other           Tloc           0%         N/A       83%         3
 Dispersal                Tloc           0%         N/A       100%        6


Dungeon Overview and Level Annotations

Branches:
Dungeon (4/15)              Sewer (visited)
 Temple: D:4-7

Altars:


Innate Abilities, Weirdness & Mutations

You are too large for most types of armour.
You have claws for hands.
Your natural rate of healing is unusually fast.
You are covered in fur. (AC +1)
You have tough skin. (AC +1)


Message History

You barely miss the adder skeleton.
The adder skeleton is heavily damaged.
The adder skeleton bites you but does no damage.
You claw the adder skeleton!
The adder skeleton is almost destroyed.
The adder skeleton closely misses you.
The orc priest looks satisfied for a moment.
The orc wizard casts a spell.
The orc wizard flickers and vanishes!
Deactivating autopickup; reactivate with Ctrl-A.
You claw the adder skeleton!
You destroy the adder skeleton!
You scratch the orc.
The orc is heavily wounded.
The orc closely misses you.
You barely miss the orc.
The orc is heavily wounded.
The orc hits you with a +0 flail!
You scratch the orc.
You kill the orc!
The orc priest mumbles some strange prayers to Beogh against you.
Beogh smites you!
You claw the orc priest!
You kill the orc priest!
You scratch the orc. You claw the orc.
The orc is almost dead.
The orc hits you with a +1 mace of protection.
You scratch the orc but do no damage.
The orc is almost dead.
The orc barely misses you.
You barely miss the orc.
The orc is almost dead.
The orc hits you but does no damage.
You scratch the orc.
You kill the orc!
The orc priest calls down the wrath of Beogh upon you.
Beogh smites you!
The ogre hits you with a +0 giant spiked club!!
Ouch! That really hurt!
You die...

#.....##......# #..#
#.....##......# #...
#.....##......# #.#.
########......# #.#.
#......# #.#. #######
######## #.## .......
######...
.......##########.......#
......oO@.......'........
.=.....##########........
....... ########' .......
#.)... ......O #.....
#####.. #..... #.. #.....
#.. #..... +.....


You could see an ogre and an orc priest.

Vanquished Creatures
  A water moccasin (D:4)
  A scorpion (D:4)
  2 orc priests
  Jessica (D:2)
  An orc wizard (D:4)
  A gnoll (D:1)
  3 adders (D:3)
  A howler monkey skeleton (D:4)
  An adder skeleton (D:4)
  2 worms
  3 dart slugs
  11 orcs
  7 ball pythons
  3 endoplasms
  10 giant cockroaches
  8 goblins
  6 hobgoblins
  2 quokkas (D:1)
  4 bats
  3 frilled lizards
  17 kobolds
  10 rats
98 creatures vanquished.

Notes
Turn   | Place    | Note
-------+----------+-------------------------------------------
     0 | D:1      | mathmaestro the Troll Monk began the quest for the Orb.
     0 | D:1      | Reached XP level 1. HP: 22/22 MP: 0/0
    58 | D:1      | Reached XP level 2. HP: 26/29 MP: 1/1
   136 | D:1      | Reached XP level 3. HP: 33/36 MP: 2/2
   148 | D:1      | Reached skill level 1 in Armour
   635 | D:2      | Noticed Jessica
   640 | D:2      | Killed Jessica
   641 | D:2      | Reached XP level 4. HP: 44/44 MP: 3/3
  1174 | D:3      | Found a glowing drain.
  1187 | Sewer    | Entered a sewer
  1265 | Sewer    | Reached XP level 5. HP: 51/53 MP: 4/4
  2046 | D:4      | Reached skill level 4 in Unarmed Combat
  2081 | D:4      | Noticed a water moccasin
  2089 | D:4      | Killed a water moccasin
  2090 | D:4      | Reached XP level 6. HP: 53/61 MP: 5/5
  2179 | D:4      | Identified the +0 leather armour of Disguise {rN+}
  2370 | D:4      | Slain by an ogre

Illustrated notes

Levels and vault maps discovered:
D:1:      eino_arrival_cavern_a, layout_basic
D:2:      layout_rooms, hangedman_decor_growths, kennysheep_generic_room_11,
          uniq_jessica
D:3:      layout_loops_ring, portal_sewer_entry_d
D:4:      layout_basic

Skill      XL: |  1  2  3  4  5 |
---------------+----------------+-----
Armour         | 1 2 |  2.5
Fighting       | 3 |  3.7
Dodging        | 3 |  3.7
Unarmed Combat | 4 |  4.5
Stealth        | |  1.0

Action                   |  1- 3 |  4- 6 || total
-------------------------+-------+-------++-------
Melee: Unarmed           |    82 |   147 ||   229
       Bite              |       |     3 ||     3
  Use: Scroll            |       |     7 ||     7
 Stab: Sleeping          |     3 |     6 ||     9
Armor: Robe              |    32 |    42 ||    74
Dodge: Dodged            |    49 |    62 ||   111

Table legend: (Time is in decaauts)
 A = Elapsed time spent in this place.
 B = Non-inter-level travel time spent in this place.
 C = Inter-level travel time spent in this place.
 D = Time resting spent in this place.
 E = Time spent auto-exploring this place.
 F = Levels seen in this place.
 G = Mean time per level.
                   A        B        C        D        E       F      G
               +--------+--------+--------+--------+--------+-----+--------+
         Total |   2381 |   2266 |    115 |      0 |   1663 |   5 |  476.2 |
       Dungeon |   2084 |   1969 |    115 |      0 |   1507 |   4 |  521.0 |
         Sewer |    297 |    297 |      0 |      0 |    156 |   1 |  297.0 |
               +--------+--------+--------+--------+--------+-----+--------+

Top non-repeatable levels by time:
     D:3: 633 daAuts
     D:2: 573 daAuts
     D:1: 530 daAuts
     D:4: 346 daAuts
   Sewer: 297 daAuts
